 Dungeon Crawl Stone Soup version 0.31.0-11-ge490571c62 (webtiles) character file.

Game seed: 17648700964738290694

303 Rassilon the Trooper (level 6, 0/56 HPs)
             Began as a Minotaur Fighter on Jan 27, 2024.
             Slain by an orc
             ... wielding a +0 club
              (4 damage)
             ... on level 2 of the Dungeon.
             The game lasted 00:08:06 (1508 turns).

Rassilon the Trooper (Minotaur Fighter)             Turns: 1508, Time: 00:08:06

Health: 0/56       AC:  7    Str: 22    XL:     6   Next: 15%
Magic:  5/5        EV:  9    Int:  5    God:
Gold:   141        SH:  5    Dex: 10    Spells: 5/5 levels left

rFire   . . .        i - +7 mace of Pain and Death {elec, +Blink}
rCold   . . .        c - +0 buckler
rNeg    . . .        b - +0 scale mail
rPois   .            (helmet restricted)
rElec   .            (no cloak)
rCorr   .            (no gloves)
SInv    +            (no boots)
Will    .....        (no amulet) Stlth
                     h - ring of see invisible
HPRegen 0.29/turn    (no ring)
MPRegen 0.09/turn

%: no passive effects
@: mighty
A: horns 2, retaliatory headbutt
a: Evoke Blink


You were on level 2 of the Dungeon.
You visited 1 branch of the dungeon, and saw 3 of its levels.

You collected 141 gold pieces.

Inventory:

Hand Weapons
 a - a +0 war axe
 i - the +7 mace of Pain and Death (weapon) {elec, +Blink}
   (You found it on level 2 of the Dungeon)

   +Blink:    It lets you blink.
Armour
 b - a +0 scale mail (worn)
 c - a +0 buckler (worn)
Jewellery
 h - a ring of see invisible (left hand)
Scrolls
 e - 2 scrolls of identify {unknown}
 f - a scroll of blinking {unknown}
 j - a scroll of summoning {unknown}
 k - a scroll of teleportation {unknown}
 l - a scroll of revelation {unknown}
 m - a scroll of poison {unknown}
Potions
 g - a potion of magic {unknown}


   Skills:
 + Level 5.2 Fighting
 + Level 4.3 Axes
 + Level 5.2 Armour
 + Level 5.2 Shields


You had 5 spell levels left.
You didn't know any spells.
Your spell library was empty.

Dungeon Overview and Level Annotations

Branches:
Dungeon (3/15)

Altars:


Innate Abilities, Weirdness & Mutations

You have a pair of horns on your head.
You reflexively headbutt those who attack you in melee.


Message History

You closely miss the gnoll. The gnoll hits you with a +0 club.
The orc closely misses you. The gnoll hits you with a +0 club.
The orc hits you but does no damage.
You sock the gnoll!
You kill the gnoll!
The orc barely misses you.
You closely miss the orc. The orc barely misses you.
You hit the orc. Lightning courses through the orc!
You kill the orc!
Things that are here:
a +0 club; a gnoll corpse
Items here: ) [ ††.
There is a stone staircase leading down, spattered with blood here.
You climb downwards.
The orc barely misses you.
The orc priest mumbles some strange prayers to Beogh against you.
Beogh smites you! The orc barely misses you.
The gnoll hits you from afar with a +0 halberd.
The orc hits you but does no damage. The gnoll hits you with a +0 whip!
The goblin unwields a +0 dagger.
The goblin wields a +0 sling.
The goblin shoots a sling bullet.
You block the sling bullet. The orc barely misses you.
There is a stone staircase leading up, spattered with blood here.
The gnoll hits you but does no damage. The orc hits you but does no damage.
The orc barely misses you. The gnoll hits you but does no damage.
The orc priest calls down the wrath of Beogh upon you.
Beogh smites you!
* * * LOW HITPOINT WARNING * * *
You climb upwards.
There is a stone staircase leading down, spattered with blood here.
You feel very mighty all of a sudden. You block the gnoll's attack.
The orc hits you with a +0 hand axe.
* * * LOW HITPOINT WARNING * * *
You block the orc's attack.
You closely miss the gnoll. You headbutt the gnoll!
You kill the gnoll!
You block the orc's attack. The orc closely misses you.
You bludgeon the orc!!
You kill the orc!
The orc hits you with a +0 club.
You die...

#......# # #......#
### ######## ###.'
#####...#
###.....###
#######..........
#.....'..........
##)....#..........
#@)....#..........
#[o#####..........
#....# #..........
#.##.###..........
#.##...'..........
#......#..........
######.######'####
########'######...#.
#............####.##


You could see an orc.

Vanquished Creatures
  Sigmund (D:2)
  Natasha (twice) (D:2)
  3 gnolls
  A dart slug (D:1)
  A ribbon worm (D:2)
  3 orcs (D:2)
  8 ball pythons
  3 bats
  3 endoplasms
  2 giant cockroaches (D:1)
  4 goblins
  6 hobgoblins
  4 jackals (D:2)
  2 quokkas
  3 frilled lizards (D:2)
  2 kobolds (D:1)
  2 rats
50 creatures vanquished.

Notes
Turn   | Place    | Note
-------+----------+-------------------------------------------
     0 | D:1      | Rassilon the Minotaur Fighter began the quest for the Orb.
     0 | D:1      | Reached XP level 1. HP: 19/19 MP: 0/0
    28 | D:1      | Reached XP level 2. HP: 17/27 MP: 1/1
   426 | D:1      | Reached XP level 3. HP: 32/33 MP: 2/2
   708 | D:2      | Identified the +7 mace of Pain and Death {elec, +Blink}
   726 | D:2      | Found a faded altar of an unknown god.
  1014 | D:2      | Noticed Natasha
  1031 | D:2      | Noticed Sigmund
  1040 | D:2      | Killed Natasha
  1041 | D:2      | Reached XP level 4. HP: 11/41 MP: 3/3
  1046 | D:2      | Killed Sigmund
  1047 | D:2      | Reached skill level 5 in Fighting
  1047 | D:2      | Reached skill level 5 in Armour
  1047 | D:2      | Reached skill level 5 in Shields
  1047 | D:2      | Reached XP level 5. HP: 14/48 MP: 4/4
  1266 | D:2      | Noticed Natasha
  1270 | D:2      | Killed Natasha
  1271 | D:2      | Reached XP level 6. HP: 41/56 MP: 5/5
  1508 | D:2      | Slain by an orc

Illustrated notes

Levels and vault maps discovered:
D:1:      lightli_arrival_isolated_outpost, layout_loops_ring
D:2:      layout_basic, shapermc_ecumenical_altar_gd, minivault_26,
          minmay_tromino_v2, uniq_natasha, uniq_sigmund
D:3:      layout_basic, minmay_misc_feat_tiny, cheibrodos_gnoll_hut

Skill      XL: |  1  2  3  4 |
---------------+-------------+-----
Shields        | 4 5 |  5.2
Fighting       | 4 5 |  5.2
Armour         | 4 5 |  5.2
Axes           | 3 4 |  4.3

Action                     |  1- 3 |  4- 6 || total
---------------------------+-------+-------++-------
  Melee: War axe           |    42 |       ||    42
         Headbutt          |     9 |     2 ||    11
         Mace              |    35 |    15 ||    50
    Use: Potion            |     1 |     4 ||     5
 Armour: Scale mail        |    59 |    22 ||    81
  Dodge: Dodged            |    38 |    22 ||    60
  Block: Buckler           |    23 |     8 ||    31
